AoeStats
← Samurai

Runestones

508113330Analyzed
1v1 RM · 12d ago on Sep 20, 2026· 47m 46s· 2 players
Game mode
Random Map
Map size
Tiny (2 player)
Population
200
Speed
Normal
Resources
Standard
Victory
Conquest
Starting age
Dark Age
Ending age
Imperial Age
RankedLock teamsTeams togetherTeam positionsShared explorationLock speedFull tech treeHidden civsTurbo modeCheats
Victory
Defeat
🇦🇷 Britons · Argentina
673
+15
🇺🇸 Teutons · United States
643
-15
AfroBot
11:36 Feudal Age
12:56 Double-Bit Axe
13:49 Wheelbarrow
15:15 Fletching
19:25 Castle Age
19:19 Forging
20:41 Hand Cart
27:43 Bodkin Arrow
28:06 Town Watch
29:59 Padded Archer Armor
35:41 Town Patrol
38:16 Scale Mail Armor
38:51 Iron Casting
38:22 Scale Barding Armor
49:39 Imperial Age
46:34 Pikeman
47:00 Arson
47:16 Squires
Samurai
1:50 Loom
10:24 Feudal Age
10:55 Double-Bit Axe
11:04 Horse Collar
12:59 Wheelbarrow
14:20 Gold Mining
21:13 Castle Age
20:08 Forging
20:39 Stone Mining
21:53 Fletching
22:17 Bow Saw
22:44 Gold Shaft Mining
22:08 Crossbowman
25:19 Murder Holes
25:05 Treadmill Crane
27:04 Fervor
29:05 Bodkin Arrow
29:10 Padded Archer Armor
32:12 Hand Cart
32:17 Light Cavalry
32:58 Husbandry
33:48 Town Watch
35:14 Yeomen
40:40 Imperial Age
39:28 Ballistics
39:30 Leather Archer Armor
39:37 Town Patrol
40:45 Capped Ram
41:51 Conscription
41:50 Pikeman
42:32 Squires
47:06 Halberdier
Connection lost

Rejoining the realm…

Still unreachable

The connection could not be restored.

Session expired

The server has moved on; the page needs a fresh start.